 Dungeon Crawl Stone Soup version 0.28-a0-1493-g08698888e4 (webtiles) character file.

Game seed: 16254446788904550943

129 iamoutofideas the Grasshopper (level 5, -2/43 HPs)
             Began as a Gnoll Warper on Jan 12, 2022.
             Slain by an orc priest (5 damage)
             ... on level 2 of the Dungeon.
             The game lasted 00:04:35 (4376 turns).

iamoutofideas the Grasshopper (Gnoll Warper)        Turns: 4376, Time: 00:04:35

Health: -2/43      AC:  3    Str: 12    XL:     5   Next: 12%
Magic:  12/12      EV: 12    Int: 13    God:
Gold:   116        SH:  0    Dex: 11    Spells: 9/14 levels left

rFire   + . .      SeeInvis .   a - +0 hand axe
rCold   . . .      Faith    .   (no shield)
rNeg    . . .      Spirit   .   k - +0 leather armour {rF+}
rPois   .          Reflect  .   (no helmet)
rElec   .          Harm     .   (no cloak)
rCorr   +          Rampage  .   (no gloves)
Will    .....                   (no boots)
Stlth   +.........              (no amulet)
HPRegen 0.14/turn               i - ring of resist corrosion
MPRegen 0.13/turn               (no ring)

@: brilliant
A: fangs 1, strong nose, distributed training
a: no special abilities


You were on level 2 of the Dungeon.
You visited 1 branch of the dungeon, and saw 3 of its levels.

You collected 116 gold pieces.

Inventory:

Hand Weapons
 a - a +0 hand axe (weapon)
 r - a +0 dagger of venom
 t - a +1 vorpal spear
Missiles
 d - 5 boomerangs of dispersal (quivered)
Armour
 b - a +0 leather armour
 k - a +0 leather armour of fire resistance (worn)
Jewellery
 i - a ring of resist corrosion (left hand)
Scrolls
 c - a scroll of blinking
 e - 2 scrolls of fog {unknown}
 l - a scroll of brand weapon {unknown}
 q - 2 scrolls of enchant armour
Potions
 g - a potion of brilliance
 m - a potion of degeneration {unknown}
 n - a potion of haste {unknown}
 o - a potion of cancellation
 p - a potion of curing {unknown}
 s - a potion of invisibility {unknown}


   Skills:
 + Level 4.7 Fighting
 + Level 1.3 Short Blades
 + Level 1.3 Long Blades
 + Level 4.7 Axes
 + Level 1.3 Maces & Flails
 + Level 1.3 Polearms
 + Level 1.3 Staves
 + Level 1.3 Slings
 + Level 1.3 Bows
 + Level 1.3 Crossbows
 + Level 2.9 Throwing
 + Level 2.9 Armour
 + Level 4.7 Dodging
 + Level 1.3 Stealth
 + Level 1.3 Shields
 + Level 1.3 Unarmed Combat
 + Level 5.1 Spellcasting
 + Level 1.1 Conjurations
 + Level 1.1 Hexes
 + Level 1.1 Summonings
 + Level 1.1 Necromancy
 + Level 5.5 Translocations
 + Level 1.1 Transmutations
 + Level 1.1 Fire Magic
 + Level 1.1 Ice Magic
 + Level 1.1 Air Magic
 + Level 1.1 Earth Magic
 + Level 1.1 Poison Magic
 + Level 1.5 Invocations
 + Level 1.3 Evocations


You had 9 spell levels left.
You knew the following spells:

 Your Spells              Type           Power      Damage    Failure   Level
a - Blink                 Tloc           52%        N/A       3%          2
b - Teleport Other        Tloc           26%        N/A       8%          3

Your spell library contained the following spells:

 Spells                   Type           Power      Damage    Failure   Level
 Gell's Gravitas          Tloc           26%        N/A       8%          3
 Lesser Beckoning         Tloc           26%        N/A       8%          3
 Manifold Assault         Tloc           26%        N/A       56%         5


Dungeon Overview and Level Annotations

Branches:
Dungeon (3/15)

Altars:

Shops:
D:1 ?

Annotations:
D:2 exclusion: downstairs


Innate Abilities, Weirdness & Mutations

You have very sharp teeth.
Your uncanny sense of smell can sniff out nearby items.
Your experience applies equally to all skills.


Message History

Done exploring.
Done exploring.
(D) Dungeon
Where to? (Enter - D:2 @ (x,y), ? - help)
There is a stone staircase leading down, spattered with blood here.
You climb downwards.
The orc hits you with a +0 whip. The orc closely misses you.
There is a stone staircase leading up, spattered with blood here.
What are your orders? t - Bark!
Orders for allies: a - Attack new target. r - Retreat! s - Stop attacking. g - Guard the area. f - Follow me.
Anything else - Cancel.
Okay, then.
You hit the orc.
The orc is heavily wounded.
The orc priest calls down the wrath of Beogh upon you.
Beogh smites you! The orc hits you with a +0 whip.
You closely miss the orc. You bite the orc, but do no damage.
The orc is heavily wounded.
The orc closely misses you.
You hit the orc.
You kill the orc!
You barely miss the orc priest.
The orc priest hits you with a +0 falchion.
You barely miss the orc priest. The orc priest misses you.
You hit the orc priest.
The orc priest is moderately wounded.
The orc priest barely misses you.
The orc priest calls down the wrath of Beogh upon you.
Beogh smites you!
* * * LOW HITPOINT WARNING * * *
You climb upwards.
Level annotation: exclusion: downstairs
There is a stone staircase leading down, spattered with blood here.
It was a potion of brilliance.
You feel clever all of a sudden.
The orc priest hits you with a +0 falchion.
You die...

#.##.....# #.# #.#...
#.##.....# #.# #.#...
#.##.....# #.####.#.#.
#.##.....# #.#....#...
#.##.....########.#.#######
#.####.##.........#>.......
#.# #.####.###############
#.# #.####)..............#
#.# #....@................
#.#######..o.##############
#..........................
#########..................
#..................
#.###########...###
#..................
##[###########...###
#.....รท.....#####...


You could see an orc priest.

Vanquished Creatures
  2 gnolls
  4 adders (D:2)
  A worm (D:2)
  2 dart slugs (D:3)
  5 orcs
  6 bats
  6 endoplasms
  3 giant cockroaches
  2 goblins (D:2)
  4 hobgoblins
  7 jackals
  A quokka (D:1)
  5 ball pythons
  A frilled lizard (D:3)
  6 kobolds
  4 rats
59 creatures vanquished.

Notes
Turn   | Place    | Note
-------+----------+-------------------------------------------
     0 | D:1      | iamoutofideas the Gnoll Warper began the quest for the Orb.
     0 | D:1      | Reached XP level 1. HP: 20/20 MP: 6/6
    16 | D:1      | Found a faded altar of an unknown god.
   379 | D:1      | Reached XP level 2. HP: 18/26 MP: 7/7
   857 | D:1      | Found Heratry's Magic Scroll Boutique.
  1176 | D:2      | Reached XP level 3. HP: 26/31 MP: 9/9
  1179 | D:2      | Learned a level 2 spell: Blink
  1183 | D:2      | Learned a level 3 spell: Teleport Other
  1584 | D:2      | Reached skill level 5 in Spellcasting
  1996 | D:2      | Reached skill level 1 in Invocations
  2218 | D:2      | Reached skill level 1 in Short Blades
  2218 | D:2      | Reached skill level 1 in Long Blades
  2218 | D:2      | Reached skill level 1 in Maces & Flails
  2218 | D:2      | Reached skill level 1 in Polearms
  2218 | D:2      | Reached skill level 1 in Staves
  2218 | D:2      | Reached skill level 1 in Slings
  2218 | D:2      | Reached skill level 1 in Bows
  2218 | D:2      | Reached skill level 1 in Crossbows
  2218 | D:2      | Reached skill level 1 in Stealth
  2218 | D:2      | Reached skill level 1 in Shields
  2218 | D:2      | Reached skill level 1 in Unarmed Combat
  2218 | D:2      | Reached skill level 1 in Evocations
  2301 | D:2      | Reached XP level 4. HP: 28/38 MP: 11/11
  3015 | D:2      | HP: 1/38 [worm (6)]
  3330 | D:2      | Reached skill level 1 in Conjurations
  3330 | D:2      | Reached skill level 1 in Hexes
  3330 | D:2      | Reached skill level 1 in Summonings
  3330 | D:2      | Reached skill level 1 in Necromancy
  3330 | D:2      | Reached skill level 1 in Transmutations
  3330 | D:2      | Reached skill level 1 in Fire Magic
  3330 | D:2      | Reached skill level 1 in Ice Magic
  3330 | D:2      | Reached skill level 1 in Air Magic
  3330 | D:2      | Reached skill level 1 in Earth Magic
  3330 | D:2      | Reached skill level 1 in Poison Magic
  3752 | D:3      | Reached XP level 5. HP: 14/43 MP: 12/12
  4376 | D:2      | Slain by an orc priest

Illustrated notes

Levels and vault maps discovered:
D:1:      roderic_crossed_star, layout_loops_ring, serial_shops,
          nicolae_shop_hallway_plus, dreamdust_ecumenical_altar_statues
D:2:      minmay_chambers_of_ones, layout_basic
D:3:      layout_loops_corners, minmay_misc_feat_diagonals

Skill      XL: |  1  2  3  4 |
---------------+-------------+-----
Spellcasting   | 5 |  5.1
Invocations    | 1 |  1.5
Short Blades   | 1 |  1.3
Long Blades    | 1 |  1.3
Maces & Flails | 1 |  1.3
Polearms       | 1 |  1.3
Staves         | 1 |  1.3
Slings         | 1 |  1.3
Bows           | 1 |  1.3
Crossbows      | 1 |  1.3
Stealth        | 1 |  1.3
Shields        | 1 |  1.3
Unarmed Combat | 1 |  1.3
Evocations     | 1 |  1.3
Conjurations   | 1 |  1.1
Hexes          | 1 |  1.1
Summonings     | 1 |  1.1
Necromancy     | 1 |  1.1
Transmutations | 1 |  1.1
Fire Magic     | 1 |  1.1
Ice Magic      | 1 |  1.1
Air Magic      | 1 |  1.1
Earth Magic    | 1 |  1.1
Poison Magic   | 1 |  1.1
Fighting       | |  4.7
Axes           | |  4.7
Throwing       | |  2.9
Armour         | |  2.9
Dodging        | |  4.7
Translocations | |  5.5

Action                   |  1- 3 |  4- 6 || total
-------------------------+-------+-------++-------
Melee: Hand axe          |   120 |    84 ||   204
       Bite              |    11 |     2 ||    13
       Punch             |       |     3 ||     3
 Cast: Teleport Other    |       |     1 ||     1
  Use: Scroll            |       |     3 ||     3
       Potion            |       |     2 ||     2
 Stab: Sleeping          |     2 |     1 ||     3
Armor: Leather armour    |    41 |    12 ||    53
Dodge: Dodged            |    94 |    46 ||   140

Table legend: (Time is in decaauts)
 A = Elapsed time spent in this place.
 B = Non-inter-level travel time spent in this place.
 C = Inter-level travel time spent in this place.
 D = Time resting spent in this place.
 E = Time spent auto-exploring this place.
 F = Levels seen in this place.
 G = Mean time per level.
                   A        B        C        D        E       F      G
               +--------+--------+--------+--------+--------+-----+--------+
         Total |   4394 |   4223 |    171 |   1255 |   2353 |   3 | 1464.7 |
       Dungeon |   4394 |   4223 |    171 |   1255 |   2353 |   3 | 1464.7 |
               +--------+--------+--------+--------+--------+-----+--------+

Top non-repeatable levels by time:
     D:2: 2909 daAuts
     D:1: 1097 daAuts
     D:3: 387 daAuts
